 Dungeon Crawl Stone Soup version 0.19-b1-4-gd8a0a2a (webtiles) character file.

452 dvd the Chopper (level 6, -2/46 HPs)
             Began as a Mummy Skald on Oct 30, 2016.
             Killed by divine providence
             ... invoked by an orc priest
              (9 damage)
             ... on level 4 of the Dungeon.
             The game lasted 00:14:46 (3678 turns).

dvd the Chopper (Mummy Skald)                       Turns: 3678, Time: 00:14:47

Health: -2/46      AC:  5    Str: 15    XL:     6   Next: 75%
Magic:  9/10       EV: 12    Int: 13    God:
Gold:   175        SH:  0    Dex: 12    Spells: 3 memorised, 5 levels left

rFire  x . .     SeeInvis .     a - +0 hand axe
rCold  + . .     Gourm    .     g - +0 troll leather armour
rNeg   + + +     Faith    .     (no shield)
rPois  ∞         Spirit   .     (no helmet)
rElec  .         Reflect  .     (no cloak)
rCorr  .         Harm     .     (no gloves)
MR     .....                    l - +0 pair of boots
Stlth  +.........               (no amulet)
                                (no ring)
                                (no ring)

@: infused (expiring)
A: no food or potions, fire vulnerability, cold resistance 1, negative energy
resistance 3, torment resistance, unbreathing
a: no special abilities


You were on level 4 of the Dungeon.
You were not hungry.

You visited 1 branch of the dungeon, and saw 4 of its levels.

You collected 175 gold pieces.

Inventory:

Hand Weapons
 a - a +0 hand axe (weapon)
Missiles
 f - 5 javelins (quivered)
Armour
 b - a +0 leather armour
 g - a +0 troll leather armour (worn)
 j - a +0 ring mail
 l - a +0 pair of boots (worn)
Scrolls
 d - 3 scrolls of remove curse {unknown}
 e - 2 scrolls of recharging {unknown}
 h - 2 scrolls of identify {unknown}
 i - a scroll of enchant weapon {unknown}
 k - a scroll of noise {unknown}
 m - a scroll of fear {unknown}
 n - a scroll of amnesia {unknown}
 o - a scroll of random uselessness {unknown}
 p - a scroll of teleportation {unknown}
Books
 c - a book of Battle

   Spells                             Type                      Level
   a - Infusion                       Charms                       1
   b - Shroud of Golubria             Charms/Translocation         2
   c - Song of Slaying                Charms                       2
   d - Spectral Weapon                Hexes/Charms                 3
   e - Regeneration                   Charms/Necromancy            3


   Skills:
 + Level 2.8 Fighting
 + Level 3.4 Axes
 + Level 2.5 Armour
 + Level 1.9 Dodging
 + Level 0.1 Stealth
 + Level 2.8 Spellcasting
 + Level 3.3 Charms
 + Level 1.1 Translocations


You had 5 spell levels left.
You knew the following spells:

 Your Spells              Type           Power        Failure   Level  Hunger
a - Infusion              Chrm           ##..         10%         1    N/A
b - Song of Slaying       Chrm           ##......     12%         2    N/A
c - Shroud of Golubria    Chrm/Tloc      #.........   21%         2    N/A

Dungeon Overview and Level Annotations

Branches:
Dungeon (4/15)
 Temple: D:4-7

Altars:
Dithmenos
Elyvilon
The Shining One


Innate Abilities, Weirdness & Mutations

You do not eat or drink.
Your flesh is vulnerable to fire.
You are immune to poison.
Your flesh is cold resistant. (rC+)
You are immune to negative energy. (rN+++)
You are immune to unholy pain and torment.
You can survive without breathing.


Message History

The orc priest is lightly wounded.
The orc priest hits you but does no damage.
You hit the orc priest.
The orc priest is moderately wounded.
The orc priest mumbles some strange prayers to Beogh against you.
You are unaffected.
You barely miss the orc priest.
The orc priest is moderately wounded.
Your magical infusion is running out.
The orc priest hits you but does no damage.
You closely miss the orc priest.
The orc priest is moderately wounded.
The orc priest hits you with an enchanted short sword.
* * * LOW HITPOINT WARNING * * *
You barely miss the orc priest.
The orc priest is moderately wounded.
Your shroud unravels.
The orc priest calls down the wrath of Beogh upon you.
Beogh smites you!
You die...

.# ## #.# ...
.. #.#
######.##..##
##............
##.?...........
#.!............
#...o@.<.......
#..............
#..............
#..............
##.............
##.....#..<..#
###########..
)#


You could see an orc priest.

Vanquished Creatures
  Grinder (D:3)
  A sky beast (D:2)
  A hound (D:3)
  Ijyb (D:2)
  4 adders
  A worm (D:3)
  2 dart slugs
  4 leopard geckos
  3 orcs (D:3)
  3 giant cockroaches
  11 goblins
  10 hobgoblins
  8 jackals
  A quokka (D:2)
  3 ball pythons
  8 bats
  4 frilled lizards
  4 kobolds
  7 rats
77 creatures vanquished.

Notes
Turn   | Place    | Note
-------+----------+-------------------------------------------
     0 | D:1      | dvd the Mummy Skald began the quest for the Orb.
     0 | D:1      | Reached XP level 1. HP: 16/16 MP: 3/3
   145 | D:1      | Reached XP level 2. HP: 21/22 MP: 5/5
   291 | D:1      | Learned a level 2 spell: Song of Slaying
   355 | D:1      | Reached skill level 1 in Armour
   640 | D:1      | Learned a level 2 spell: Shroud of Golubria
   677 | D:1      | Reached XP level 3. HP: 27/27 MP: 1/6
  1139 | D:2      | Noticed Ijyb
  1172 | D:2      | Killed Ijyb
  1255 | D:2      | Reached XP level 4. HP: 34/34 MP: 3/7
  1270 | D:2      | Reached skill level 1 in Dodging
  1456 | D:2      | Found a glowing golden altar of the Shining One.
  2059 | D:3      | Noticed a sky beast
  2433 | D:2      | Killed a sky beast
  2433 | D:2      | Reached XP level 5. HP: 33/39 MP: 4/8
  2592 | D:3      | Noticed Grinder
  2677 | D:3      | Paralysed by Grinder for 6 turns
  2690 | D:3      | Killed Grinder
  2690 | D:3      | Reached XP level 6. HP: 46/46 MP: 5/10
  3148 | D:3      | Reached skill level 1 in Translocations
  3456 | D:3      | Found a white marble altar of Elyvilon.
  3458 | D:3      | Found a shadowy altar of Dithmenos.
  3678 | D:4      | Killed from afar by an orc priest

Skill      XL: |  1  2  3  4  5  6 |
---------------+-------------------+-----
Armour         | 1 2 |  2.5
Axes           | 2 3 |  3.4
Dodging        | 1 |  1.9
Charms         | 3 |  3.3
Translocations | 1 |  1.1
Fighting       | |  2.8
Stealth        | |  0.1
Spellcasting   | |  2.8

Action                   |  1- 3 |  4- 6 || total
-------------------------+-------+-------++-------
Melee: Hand axe          |   129 |   252 ||   381
Throw: Javelin           |     1 |       ||     1
 Cast: Infusion          |     9 |    14 ||    23
       Shroud of Golubri |     4 |    15 ||    19
       Song of Slaying   |     2 |     4 ||     6
Armor: Leather armour    |    28 |       ||    28
       Troll leather arm |    28 |   113 ||   141
       Ring mail         |     6 |       ||     6
Dodge: Dodged            |   102 |   160 ||   262
